[Event "Early-Titled-Tuesday-Blitz-July-09-2024"]
[Site "Chess.com"]
[Date "2024.07.09"]
[Round "10"]
[White "Volodar_Murzin"]
[Black "DenLaz"]
[Result "0-1"]
[WhiteElo "3012"]
[BlackElo "3155"]
[TimeControl "180+1"]
[EndTime "9:56:42 PDT"]
[Termination "DenLaz won on time"]

1. d4 f5 2. Nc3 Nf6 3. Bg5 d5 4. Bxf6 exf6 5. e3 Be6 6. Bd3 Qd7 7. Nge2 Nc6 8. Nf4 Bf7 9. h4 Ne7 10. Qf3 O-O-O 11. O-O-O h5 12. Kb1 g6 13. Bb5 c6 14.
Ba4 Kb8 15. Bb3 Nc8 16. Nd3 Bd6 17. Rhe1 Rhe8 18. Qh3 Re7 19. Re2 Rde8 20. Rde1 Bc7 21. f3 Ba5 22. e4 dxe4 23. fxe4 Bxb3 24. axb3 Qxd4 25. exf5 gxf5 26. Qxf5 Bxc3 27. bxc3 Qxh4 28. Rxe7 Rxe7 29. Rxe7 Nxe7 30. Qd7 Nc8 31. Nc5 Qe1+ 32. Kb2 Qe7 33. Qxe7 Nxe7 34. Nd7+ Kc7 35. Nxf6 h4 36. Ne4 Kd7 37. Kc1 Ke6 38. Kd2 Ke5 39. Ke3 b5 40. Kf3 a5 41. Nf2 Nd5 42. Nd3+ Kf5 43. c4 bxc4 44. bxc4 Nc3 45. Nc5 a4 46. g4+ Kg5 47.
Ne6+ Kf6 48. Nd4 a3 0-1

[Event "Early-Titled-Tuesday-Blitz-July-09-2024"]
[Site "Chess.com"]
[Date "2024.07.09"]
[Round "10"]
[White "ploxoi"]
[Black "Matols"]
[Result "0-1"]
[WhiteElo "2455"]
[BlackElo "2371"]
[TimeControl "180+1"]
[EndTime "9:56:43 PDT"]
[Termination "Matols won by resignation"]

1. c4 e6 2. Nf3 d5 3. g3 Nf6 4. Bg2 Be7 5. O-O O-O 6. d4 dxc4 7. Qc2 a6 8. a4 Bd7 9. Rd1 Bc6 10. Nc3 a5 11. e4 Na6 12. d5 exd5 13. e5 Nb4 14. Qe2 Nd7 15. e6 fxe6 16. Qxe6+ Kh8 17. Nd4 Nc5 18. Nxc6 Nxe6 19. Nxd8 Raxd8 20. Nxd5 Nxd5 21. Rxd5 Rxd5 22. Bxd5 Nd4 23. Bxc4 Nc2 24. Ra2 Bc5 25. Be3 Nxe3 26. fxe3 Bxe3+ 27. Kg2 Rf2+ 28. Kh3 g5 29. Bd5 c6 30. Be6 h5 31. g4 h4 32. Ra1 Bf4 33.
Rh1 Rxb2 34. Bf5 Kg7 35. Be4 Kf6 36. Bf3 Ke5 37. Re1+ Kd4 38. Be2 b5 39. axb5 cxb5 40. Kg2 a4 41. Kf1 a3 42. Rd1+ Ke5 43. Ra1 a2 44. h3 Rb1+ 0-1

[Event "Early-Titled-Tuesday-Blitz-July-09-2024"]
[Site "Chess.com"]
[Date "2024.07.09"]
[Round "10"]
[White "anderson2361"]
[Black "Dreamer_01"]
[Result "0-1"]
[WhiteElo "2226"]
[BlackElo "2453"]
[TimeControl "180+1"]
[EndTime "9:56:44 PDT"]
[Termination "Dreamer_01 won by checkmate"]

1. c4 Nf6 2. Nf3 e6 3. g3 d5 4. Bg2 dxc4 5. Qa4+ Bd7 6. Qxc4 Bc6 7. O-O Nbd7 8. d3 Bd6 9. Qc2 O-O 10. Nc3 Qe7 11. e4 e5 12. a3 Nc5 13. b4 Ne6 14.
Bb2 a6 15. Rad1 Rad8 16. Rfe1 Rfe8 17. Nb1 Qd7 18. Rc1 Nf8 19. Nbd2 Ng6 20. Nc4 Ba4 21. Qc3 Rc8 22. d4 exd4 23. Nxd4 Bf8 24. Nf5 Nxe4 25. Bxe4 Rxe4 26. Rxe4 Qxf5 27. Re3 Bc6 28. Ne5 Nxe5 29. Qxe5 Qh3 30. f3 Rd8 31. Qc3 f6 32. Rd3 Bd6 33. Qc4+ Kh8 34. Rcd1 Re8 35. Qf7 Re2 36. Bxf6 Qg2# 0-1

[Event "Early-Titled-Tuesday-Blitz-July-09-2024"]
[Site "Chess.com"]
[Date "2024.07.09"]
[Round "10"]
[White "AwareIdea"]
[Black "MrMatesM"]
[Result "0-1"]
[WhiteElo "2498"]
[BlackElo "2689"]
[TimeControl "180+1"]
[EndTime "9:56:46 PDT"]
[Termination "MrMatesM won by resignation"]

1. c4 c5 2. e3 g6 3. Nc3 Bg7 4. Nf3 Nf6 5. d4 cxd4 6. Nxd4 O-O 7. Be2 d5 8. cxd5 Nxd5 9. O-O Nxc3 10. bxc3 Nc6 11.
Ba3 Re8 12. Bf3 Bd7 13. Rb1 Qc7 14. Nb5 Qc8 15. Nd4 a6 16. Nxc6 Bxc6 17. c4 e6 18. Qb3 Bxf3 19. gxf3 b5 20. Rfc1 Qb7 21. Kg2 g5 22.
Bd6 Rad8 23. c5 Qc6 24. a4 bxa4 25. Qa3 g4 26. e4 gxf3+ 27. Qxf3 f5 28. e5 Rc8 29.
Rb7 Bf8 30. Qxc6 Rxc6 31. Kf3 Rec8 32. Rg1+ Kh8 33. Bxf8 Rxf8 34. Rgg7 Rfc8 35. Rxh7+ Kg8 36. Rbg7+ Kf8 37. Kf4 a3 38. Kg5 R8c7 39. Rxc7 Rxc7 40. Rxc7 a2 41. Kf6 Ke8 42. Kxe6 Kf8 43. Kf6 Ke8 44.
e6 a1=Q+ 45. Kxf5 Qb1+ 46. Ke5 Qb2+ 47. Kd6 Qd4+ 48. Kc6 a5 49. Ra7 a4 50. Kb5 Qb2+ 51.
Kc6 a3 52. f4 a2 53. f5 a1=Q 54. Rxa1 Qxa1 0-1

[Event "Early-Titled-Tuesday-Blitz-July-09-2024"]
[Site "Chess.com"]
[Date "2024.07.09"]
[Round "10"]
[White "eljanov"]
[Black "Hikaru"]
[Result "1-0"]
[WhiteElo "2955"]
[BlackElo "3197"]
[TimeControl "180+1"]
[EndTime "9:56:48 PDT"]
[Termination "eljanov won by resignation"]

1. d4 f5 2. c4 Nf6 3. Nc3 g6 4. g3 d6 5. Bg2 Bg7 6. Nf3 O-O 7. O-O c6 8. Re1 Ne4 9. Qb3 Kh8 10. Qc2 Nxc3 11. bxc3 e5 12. dxe5 dxe5 13. Ba3 Re8 14. Rad1 Qf6 15. Rd6 Qf7 16. e4 Bf8 17. exf5 Bxf5 18.
Qd2 Bxd6 19. Bxd6 Nd7 20. c5 Rad8 21. Qb2 b6 22. Bc7 Rc8 23. Bxe5+ Nxe5 24. Nxe5 Qf6 25. c4 Kg8 26. cxb6 axb6 27. f4 b5 28. cxb5 cxb5 29. Qxb5 Re7 30. h4 h5 31. Re2 Kg7 32.
Kh2 Rc2 33. Rxc2 Bxc2 34. a4 Qd6 35. a5 Bf5 36. a6 Qc7 37. Nc6 Re8 38. a7 Ra8 39.
Qb8 Qc8 40. Qe5+ Kh7 41. Ne7 Qc2 42. Nxf5 gxf5 43. Qe7+ Kh8 44. Qf6+ Kh7 45. Qf7+ Kh6 46. Qb7 1-0

[Event "Early-Titled-Tuesday-Blitz-July-09-2024"]
[Site "Chess.com"]
[Date "2024.07.09"]
[Round "10"]
[White "CristhianPortalR"]
[Black "kyawmyataung2005"]
[Result "0-1"]
[WhiteElo "2486"]
[BlackElo "2342"]
[TimeControl "180+1"]
[EndTime "9:56:49 PDT"]
[Termination "kyawmyataung2005 won by resignation"]

1. e4 e5 2. Nf3 Nc6 3. d4 exd4 4. Nxd4 Bc5 5. Nb3 Bb6 6. Nc3 Nf6 7. Qe2 Qe7 8. Bg5 Nd4 9. Nxd4 Bxd4 10. Nd5 Qc5 11. Bxf6 Bxf6 12. Nxf6+ gxf6 13. O-O-O d6 14. Rd5 Qc6 15.
Qf3 Ke7 16. Bb5 Qb6 17. Rh5 Be6 18. Rd1 Rag8 19. Ba4 Bg4 20. Qf4 Bxh5 21. e5 fxe5 22. Qh4+ f6 23. Qxh5 Qxf2 24. Qh3 c6 25. Bb3 d5 26.
Qc3 Qb6 27. Qf3 Rg5 28. Rf1 Rf8 29. h4 Rg6 30. g4 Qd4 31. g5 Qxh4 32. Qe3 Qxg5 0-1

[Event "Early-Titled-Tuesday-Blitz-July-09-2024"]
[Site "Chess.com"]
[Date "2024.07.09"]
[Round "10"]
[White "Boundless_Strike"]
[Black "Sychev_Klementy"]
[Result "0-1"]
[WhiteElo "2811"]
[BlackElo "2949"]
[TimeControl "180+1"]
[EndTime "9:56:50 PDT"]
[Termination "Sychev_Klementy won on time"]

1. d4 h5 2. e4 h4 3. h3 d5 4.
Nc3 dxe4 5. f3 c5 6. d5 Qc7 7. Be3 g6 8. fxe4 Bg7 9. Nf3 Nd7 10. Qd2 a6 11. O-O-O b5 12. Kb1 b4 13. Ne2 Ngf6 14.
Bf4 Qb6 15. Qe3 Bb7 16. Bh2 a5 17. Ne5 b3 18. cxb3 a4 19. Nc4 Qa7 20. Nc1 axb3 21. a3 O-O 22. Be2 Ba6 23. g3 Bxc4 24. Bxc4 Nb6 25.
Be2 c4 26. gxh4 c3 27. Qxc3 Nxe4 28. Qe3 Bxb2 29. Nxb3 Nc3+ 30. Kxb2 Nba4+ 31. Kc2 Qxe3 32. Bd3 Nxd1 0-1

[Event "Early-Titled-Tuesday-Blitz-July-09-2024"]
[Site "Chess.com"]
[Date "2024.07.09"]
[Round "10"]
[White "AmbartsumianTyhran2012"]
[Black "chessdjw"]
[Result "0-1"]
[WhiteElo "2558"]
[BlackElo "2750"]
[TimeControl "180+1"]
[EndTime "9:56:50 PDT"]
[Termination "chessdjw won on time"]

1. e4 e5 2. Nf3 Nc6 3. d4 exd4 4. Nxd4 Nf6 5. Nxc6 bxc6 6. Bd3 d5 7. exd5 cxd5 8. O-O Be7 9. c4 d4 10. Nd2 O-O 11. Ne4 Bb7 12. Nxf6+ Bxf6 13. Bf4 g6 14. b4 Re8 15. Qc2 Qd7 16. a4 h5 17.
h3 Qc6 18. f3 Qd7 19. b5 Be5 20. Bh6 Kh7 21. Bg5 c5 22. Qf2 Qd6 23. Qh4 Kg7 24. f4 Bf6 25. f5 Bxg5 26. Qxg5 Re3 27. f6+ Kg8 28. Bxg6 Rg3 29. Bxf7+ Kxf7 30. Qxh5+ Kg8 31.
Ra2 Rf8 32. f7+ Kg7 33. Raf2 Be4 34. Qh4 Qg6 0-1

[Event "Early-Titled-Tuesday-Blitz-July-09-2024"]
[Site "Chess.com"]
[Date "2024.07.09"]
[Round "10"]
[White "Karttunen"]
[Black "IC3S2"]
[Result "1-0"]
[WhiteElo "2674"]
[BlackElo "2540"]
[TimeControl "180+1"]
[EndTime "9:56:50 PDT"]
[Termination "Karttunen won on time"]

1. e4 e5 2. Nf3 Nc6 3. Bc4 Nf6 4. d3 h6 5. a4 d6 6. c3 g5 7. a5 a6 8. Nbd2 Bg7 9. Nf1 d5 10. exd5 Nxd5 11. Qb3 Nce7 12. Ng3 O-O 13. Nh5 Bg4 14. Nxg7 Bxf3 15. gxf3 Kxg7 16. h4 Nf4 17. hxg5 hxg5 18. Bxf4 exf4 19. O-O-O b5 20. axb6 cxb6 21. Bxf7 Qd6 22.
Be6 Rf6 23. Bg4 a5 24. Rh5 Rg6 25. Rdh1 Rf8 26. Rh7+ Kf6 27. Re1 Nf5 28. Bxf5 Kxf5 29. Rhe7 Rgf6 30. d4 Rh6 31. R1e5+ Kf6 32. R5e6+ Kf5 33. Rxd6 Rxd6 34. Qc2+ Kf6 35. Qe4 Rfd8 36. Qe5+ Kg6 37. Rh7 Kxh7 38. Qxg5 Rf8 39. Qe7+ 1-0

[Event "Early-Titled-Tuesday-Blitz-July-09-2024"]
[Site "Chess.com"]
[Date "2024.07.09"]
[Round "10"]
[White "Chesstiger64"]
[Black "MaxLeto"]
[Result "0-1"]
[WhiteElo "2381"]
[BlackElo "2496"]
[TimeControl "180+1"]
[EndTime "9:56:51 PDT"]
[Termination "MaxLeto won by checkmate"]

1. d4 d5 2. Nf3 Nf6 3. e3 e6 4.
c3 c5 5. Bd3 Nc6 6. Nbd2 b6 7.
O-O Bb7 8. dxc5 Bxc5 9. e4 Qc7 10. Qe2 dxe4 11. Nxe4 Nxe4 12. Bxe4 h6 13. Rd1 O-O 14. Bc2 Rfe8 15. Qe4 f5 16. Qh4 Be7 17. Qh5 Bf6 18. Bb3 Na5 19. Bc2 Rad8 20. Rxd8 Rxd8 21. h4 Nc4 22. Ng5 hxg5 23. hxg5 Be5 24. g6 Nd2 25. Bb3 Nxb3 26. axb3 Qc6 27. Qh7+ Kf8 28. Qh8+ Ke7 29. Bg5+ Bf6 30. Qxg7+ Kd6 31. Rd1+ Kc5 32. b4+ Kb5 33.
c4+ Kxb4 34. Bd2+ Kb3 35. Qxf6 Qxg2# 0-1

[Event "Early-Titled-Tuesday-Blitz-July-09-2024"]
[Site "Chess.com"]
[Date "2024.07.09"]
[Round "10"]
[White "UnTucopalaTimba"]
[Black "lindsay790"]
[Result "1-0"]
[WhiteElo "2119"]
[BlackElo "2097"]
[TimeControl "180+1"]
[EndTime "9:56:52 PDT"]
[Termination "UnTucopalaTimba won by resignation"]

1. e4 c5 2. Nf3 d6 3. Bb5+ Bd7 4.
Bxd7+ Nxd7 5. O-O Ngf6 6. Qe2 g6 7. c3 Bg7 8. d4 e6 9. Bf4 Qe7 10. Nbd2 e5 11. dxe5 dxe5 12. Bg3 O-O 13. Nc4 Nh5 14. Bh4 f6 15. Rad1 Rad8 16. Qc2 g5 17. Bg3 Nb8 18. Qb3 Kh8 19. Ne3 Nc6 20. Nf5 Qc7 21. Nd2 a6 22.
Nc4 b5 23. Nce3 c4 24. Qc2 Ne7 25. Nxg7 Kxg7 26. Qe2 Nxg3 27. hxg3 Kg6 28. Qg4 Qc8 29. Qf3 Qe6 30. Rfe1 h5 31. Kh2 Rd3 32. Rxd3 cxd3 33. Rd1 Rd8 34. g4 h4 35. Nf5 Nc6 36. Rxd3 Rxd3 37.
Qxd3 Qxa2 38. Qd7 Qf7 39. Qxc6 b4 1-0

[Event "Early-Titled-Tuesday-Blitz-July-09-2024"]
[Site "Chess.com"]
[Date "2024.07.09"]
[Round "10"]
[White "chessbaerchen"]
[Black "Byniolus"]
[Result "0-1"]
[WhiteElo "2657"]
[BlackElo "2794"]
[TimeControl "180+1"]
[EndTime "9:56:54 PDT"]
[Termination "Byniolus won by resignation"]

1. d4 d6 2. e4 Nf6 3. Bd3 e5 4. Nf3 exd4 5. Nxd4 Nbd7 6. c4 Nc5 7. Nc3 Nxd3+ 8. Qxd3 g6 9. O-O Bg7 10. h3 O-O 11.
Be3 c6 12. Rfe1 d5 13. cxd5 cxd5 14. e5 Nd7 15. e6 fxe6 16. Nxe6 Ne5 17. Qxd5 Qxd5 18.
Nxd5 Bxe6 19. Nc7 Bf5 20. Nxa8 Rxa8 21. Re2 Nc4 22. Rc1 Bd3 23. Ree1 Bxb2 24. Rcd1 Bc3 25. Rxd3 Bxe1 26. Rd7 Nxe3 27. fxe3 b5 28. Kf1 Ba5 29.
Ke2 Bb6 30. Rd5 b4 31. Rb5 Re8 32. Rxb4 Rxe3+ 33. Kf1 Kg7 34. Rb2 h5 35. a4 Kh6 36.
Rb5 Ra3 37. Rb4 Ra1+ 38. Ke2 Ra2+ 39. Kf3 Ra3+ 40. Ke2 Kg5 41. Rb5+ Kh4 42. a5 Rxa5 43. Rb3 Kg5 44. Kf3 Kh6 45. h4 Ra4 46. Kg3 Bd8 47. Rb7 Bxh4+ 48. Kh3 Bf2 0-1

[Event "Early-Titled-Tuesday-Blitz-July-09-2024"]
[Site "Chess.com"]
[Date "2024.07.09"]
[Round "10"]
[White "jumpingknight20"]
[Black "Andreikka"]
[Result "1-0"]
[WhiteElo "2836"]
[BlackElo "3018"]
[TimeControl "180+1"]
[EndTime "9:56:55 PDT"]
[Termination "jumpingknight20 won on time"]

1. e4 e5 2. Nf3 Nc6 3. Bc4 Nf6 4. d3 Bc5 5. c3 d6 6. O-O O-O 7. Nbd2 a5 8. Bb3 h6 9. Re1 Ba7 10. Nf1 Be6 11. Ng3 Re8 12. Bc2 d5 13. exd5 Bxd5 14. Be3 Bxe3 15. Rxe3 b5 16. d4 exd4 17. Rxe8+ Qxe8 18. Nxd4 Nxd4 19. Qxd4 Qe6 20. Bf5 Qc6 21. f3 Re8 22. a3 Qd6 23. Rd1 c5 24. Qd3 Qc6 25. Nh5 Re5 26. f4 Nxh5 27. fxe5 Nf4 28. Qd2 g5 29. g3 Bb3 30. gxf4 Bxd1 31. Qxd1 Kg7 32.
Qg4 1-0

[Event "Early-Titled-Tuesday-Blitz-July-09-2024"]
[Site "Chess.com"]
[Date "2024.07.09"]
[Round "10"]
[White "MusicCityMaster"]
[Black "nindjaxx8"]
[Result "0-1"]
[WhiteElo "2506"]
[BlackElo "2695"]
[TimeControl "180+1"]
[EndTime "9:56:55 PDT"]
[Termination "nindjaxx8 won by checkmate"]

1. e4 e6 2. d4 d5 3. e5 c5 4. c3 Nc6 5. Nf3 Qb6 6. Bd3 cxd4 7. O-O Nge7 8. h4 Ng6 9. Re1 Be7 10. h5 Nh4 11. Nbd2 dxc3 12. bxc3 Bd7 13. Rb1 Qc7 14. Nxh4 Bxh4 15. Qg4 Be7 16. Qxg7 O-O-O 17. Nf3 Bc5 18. Bxh7 Qa5 19. Bg5 Rde8 20. Re2 Qxc3 21. Rc2 Qa5 22. h6 Bb6 23. Bd3 Reg8 24. Qxf7 Rf8 25. Qh5 Bd8 26.
h7 Bxg5 27. Nxg5 Qa3 28. Rb3 Qe7 29. a4 Kb8 30. Nf3 Qg7 31. Rxc6 Bxc6 32. Nd4 Bd7 33. a5 Qe7 34. Ba6 Qc5 35. Rxb7+ Ka8 36. Nb5 Bxb5 37. Rxb5 Qxf2+ 38. Kh2 Rf7 39. Qg4 Rfxh7+ 40. Qh3 Rxh3# 0-1

[Event "Early-Titled-Tuesday-Blitz-July-09-2024"]
[Site "Chess.com"]
[Date "2024.07.09"]
[Round "10"]
[White "JuliaEfremova"]
[Black "MrEscacs"]
[Result "0-1"]
[WhiteElo "2271"]
[BlackElo "2198"]
[TimeControl "180+1"]
[EndTime "9:56:56 PDT"]
[Termination "MrEscacs won by resignation"]

1. d4 Nf6 2. Nc3 d5 3. e4 Nxe4 4. Nxe4 dxe4 5. f3 exf3 6. Nxf3 g6 7. Bg5 Bg7 8. Qd2 O-O 9. O-O-O c6 10. h4 h5 11. Bh6 Nd7 12. Bxg7 Kxg7 13. g4 Nf6 14.
gxh5 Nxh5 15. Ne5 Qd5 16. Bc4 Qe4 17. Kb1 Qf4 18. Qg2 Bf5 19. Rde1 Qxd4 20. Rhg1 Rad8 21.
Bb3 Rd6 22. a3 a5 23. Nc4 Re6 24. Rxe6 fxe6 25. Nxa5 Be4 26. Qg5 Rf6 27. Nc4 Bf5 28.
Ka2 b5 29. Ne3 b4 30. Nxf5+ exf5 31. Qxh5 Qxg1 32. Qe2 e6 33. Qxe6 Rxe6 34. Bxe6 bxa3 35. Kxa3 Qc5+ 36. Ka2 Kf6 37. Bb3 f4 38. c3 f3 39.
Bd1 f2 40. Be2 Qe3 41. Bf1 Qe1 42. Bh3 f1=Q 43. Bxf1 Qxf1 44. h5 gxh5 0-1

[Event "Early-Titled-Tuesday-Blitz-July-09-2024"]
[Site "Chess.com"]
[Date "2024.07.09"]
[Round "10"]
[White "CrimeFightingSpider07"]
[Black "nicolochessit"]
[Result "1-0"]
[WhiteElo "2620"]
[BlackElo "2409"]
[TimeControl "180+1"]
[EndTime "9:56:57 PDT"]
[Termination "CrimeFightingSpider07 won on time"]

1. Nf3 Nf6 2. b3 d5 3. Bb2 g6 4. e3 Bg7 5. Be2 O-O 6. O-O c5 7. c4 d4 8. exd4 Nh5 9. Ne5 cxd4 10. Bxh5 Bxe5 11. Bf3 Nc6 12. d3 Qc7 13. h3 Bg7 14. Nd2 Ne5 15. Be2 Bf5 16. Ne4 Bxe4 17. dxe4 d3 18. Bxd3 Rfd8 19. Bxe5 Qxe5 20. Qf3 Qxa1 21. Rxa1 Bxa1 22. e5 Bxe5 23. Qxb7 Kg7 24. Qxe7 Bf6 25. Qe4 a5 26. c5 Rac8 27. c6 Rd6 28. Bb5 Re6 29. Qd5 Re5 30. Qc4 Rc7 31. a4 Re1+ 32.
Kh2 Be5+ 33. f4 Bf6 34. Qd5 h5 35. Qd2 Ree7 36. Qxa5 h4 37. Qd2 Re4 38. Qd6 Rc8 39.
c7 g5 40. Bd7 1-0

[Event "Early-Titled-Tuesday-Blitz-July-09-2024"]
[Site "Chess.com"]
[Date "2024.07.09"]
[Round "10"]
[White "atbenina64"]
[Black "ValeriyGrinev"]
[Result "1/2-1/2"]
[WhiteElo "2816"]
[BlackElo "2675"]
[TimeControl "180+1"]
[EndTime "9:57:01 PDT"]
[Termination "Game drawn by repetition"]

1. c4 c5 2. Nf3 Nc6 3. Nc3 g6 4. e3 Nf6 5. d4 cxd4 6. exd4 d5 7. cxd5 Nxd5 8. Qb3 Nxc3 9. Bc4 e6 10. bxc3 Bg7 11. Ba3 Bf8 12. O-O Bxa3 13. Qxa3 Qe7 14. Qc1 O-O 15. Re1 Qf6 16. Rb1 b6 17. Bd3 Bb7 18.
Qd2 Rac8 19. a4 Rfd8 20. Qe2 Kg7 21. Be4 Na5 22. Bxb7 Nxb7 23. Rec1 Rc7 24. Ne5 Rdc8 25. c4 Nd6 26. Rb3 Nf5 27. Rd3 h5 28. a5 Rd8 29.
axb6 axb6 30. Rcd1 Rd6 31. h3 Rc8 32. g4 hxg4 33. hxg4 Nh4 34. Qe4 Rh8 35. c5 bxc5 36.
dxc5 Rxd3 37. Rxd3 g5 38. Qd4 Ng6 39. Nd7 Qxd4 40. Rxd4 Rc8 41. Rc4 Rc7 42. c6 Ne7 43.
Nb8 Kf6 44. Nd7+ Kg7 45. Nb8 Kf6 46. Rc5 Nd5 47. Na6 Rc8 48. c7 Ke7 49. Rc6 Kd7 50. Nb8+ Ke7 51. Na6 Kd7 52. Nb8+ Ke7 53. Na6 1/2-1/2

[Event "Early-Titled-Tuesday-Blitz-July-09-2024"]
[Site "Chess.com"]
[Date "2024.07.09"]
[Round "10"]
[White "SuperGPatzer"]
[Black "Ninocanina"]
[Result "1-0"]
[WhiteElo "2124"]
[BlackElo "1924"]
[TimeControl "180+1"]
[EndTime "9:57:01 PDT"]
[Termination "SuperGPatzer won on time"]

1. g4 d5 2. h3 e5 3. c4 c6 4. d4 e4 5. Nc3 Be6 6. Qb3 Qc8 7. cxd5 cxd5 8. Bf4 Nc6 9. e3 Bb4 10. Bb5 Ne7 11. Ne2 a6 12. Bxc6+ Nxc6 13. a3 Ba5 14.
O-O-O Qd7 15. Na4 b6 16. Kb1 O-O 17. Rc1 Rfc8 18. Rc2 Na7 19. Rhc1 Nb5 20. Rxc8+ Rxc8 21. Rxc8+ Qxc8 22. Nxb6 Bxb6 23. a4 Qc4 24. Qxc4 dxc4 25. axb5 axb5 26. Nc3 b4 27. Nxe4 f5 28. Ng5 Bd7 29.
gxf5 Bxf5+ 30. e4 Bg6 31. f3 Bxd4 32. Bd6 Bf6 33. Ne6 b3 34. Nf4 Bf7 35. Nd5 Bd4 36. Kc1 Be3+ 37. Kd1 Be6 38. Nxe3 Bxh3 39. Nxc4 Be6 40.
Nd2 Kf7 41. Ke2 Ke8 42. Be5 Kd7 43. Bxg7 h5 44. f4 h4 45. f5 Bf7 46. Kf3 Bh5+ 47.
Kg2 Bg4 48. Nxb3 h3+ 49. Kh2 Kd6 50. Nd4 Ke7 51. f6+ Kf7 52. e5 Bc8 53. e6+ Bxe6 54. Nxe6 Kxe6 55. Kxh3 Kf7 56. Kg4 1-0

[Event "Early-Titled-Tuesday-Blitz-July-09-2024"]
[Site "Chess.com"]
[Date "2024.07.09"]
[Round "10"]
[White "Zhigalko_Sergei"]
[Black "Makswolf200817"]
[Result "1-0"]
[WhiteElo "2927"]
[BlackElo "2772"]
[TimeControl "180+1"]
[EndTime "9:57:02 PDT"]
[Termination "Zhigalko_Sergei won on time"]

1. e4 e6 2. d4 d5 3. e5 c5 4.
c3 Nc6 5. Nf3 Nge7 6. Na3 Bd7 7.
Nc2 Qa5 8. dxc5 Ng6 9. b4 Qc7 10.
Be2 Ncxe5 11. O-O Be7 12. Nxe5 Qxe5 13. Nd4 O-O 14. f4 Qc7 15. f5 exf5 16. Nxf5 Bf6 17. Nh6+ Kh8 18. Rxf6 gxf6 19. Be3 Rae8 20. Qd2 Kg7 21. Ng4 Bxg4 22. Bh6+ Kh8 23. Bxg4 Rg8 24. Rf1 Qe5 25. g3 Nh4 26. Bh3 Qe4 27. Qf2 Rg6 28. Bf4 Reg8 29. a3 Qd3 30. a4 a6 31. b5 axb5 32. axb5 Qxb5 33. Kh1 Qd3 34. Be3 1-0

[Event "Early-Titled-Tuesday-Blitz-July-09-2024"]
[Site "Chess.com"]
[Date "2024.07.09"]
[Round "10"]
[White "VaglioSagan"]
[Black "KorolDimitriy75"]
[Result "1-0"]
[WhiteElo "2515"]
[BlackElo "2402"]
[TimeControl "180+1"]
[EndTime "9:57:02 PDT"]
[Termination "VaglioSagan won on time"]

1. d4 Nf6 2. c4 c5 3. d5 b5 4. a4 bxc4 5. Nc3 d6 6. e4 g6 7.
Bxc4 Bg7 8. h3 O-O 9. Nf3 Nbd7 10. a5 Rb8 11. O-O Rb4 12. Qe2 Ne8 13. Ra2 Nc7 14. Bg5 Rxc4 15. Qxc4 Ba6 16. Qa4 Bxf1 17. Kxf1 h6 18.
Bh4 Ne5 19. Ne1 g5 20. Bg3 Qb8 21. f3 Qb7 22. Bf2 Rb8 23. Kg1 Nb5 24. a6 Qb6 25. Ne2 Nd7 26. b4 Qc7 27. Rc2 Rb6 28. bxc5 Nxc5 29.
Bxc5 dxc5 30. Nd3 c4 31. Qxc4 Qxc4 32. Rxc4 Rxa6 33. Nc5 Ra1+ 34. Kf2 Nd6 35. Rb4 Bf6 36. Rb8+ Kg7 37. Nd7 a5 38. e5 1-0

[Event "Early-Titled-Tuesday-Blitz-July-09-2024"]
[Site "Chess.com"]
[Date "2024.07.09"]
[Round "10"]
[White "patzer-reloaded"]
[Black "Sofia_Blokhin"]
[Result "0-1"]
[WhiteElo "2336"]
[BlackElo "2211"]
[TimeControl "180+1"]
[EndTime "9:57:03 PDT"]
[Termination "Sofia_Blokhin won by resignation"]

1. d4 f5 2. Nf3 Nf6 3. g3 g6 4.
Bg2 Bg7 5. O-O O-O 6. b3 d6 7. Bb2 Ne4 8. e3 c5 9. Nbd2 Nc6 10. Rb1 e6 11. dxc5 Bxb2 12. Rxb2 Nxc5 13. Nc4 d5 14.
Nce5 Qf6 15. Nxc6 Qxb2 16. Nce5 Nd7 17. Qa1 Qxa1 18. Rxa1 Nxe5 19. Nxe5 Kg7 20. c4 Kf6 21. f4 dxc4 22. bxc4 Rd8 23. Rb1 Rd2 24. c5 Rb8 25. a4 Rc2 26. c6 b6 27. a5 Rc5 28. Rd1 Ke7 29. h4 bxa5 30. h5 gxh5 31. Kh2 Rb2 32.
Kh3 Rcc2 33. Rg1 a4 34. g4 fxg4+ 35. Kg3 Rxg2+ 36. Rxg2 h4+ 37. Kh2 g3+ 38. Kh3 Rxg2 39. Kxg2 a3 40. Nc4 a2 41. Nd2 a1=Q 0-1

[Event "Early-Titled-Tuesday-Blitz-July-09-2024"]
[Site "Chess.com"]
[Date "2024.07.09"]
[Round "10"]
[White "lu1860"]
[Black "Kombinator01"]
[Result "0-1"]
[WhiteElo "2094"]
[BlackElo "2444"]
[TimeControl "180+1"]
[EndTime "9:57:05 PDT"]
[Termination "Kombinator01 won on time"]

1. d4 d5 2. c4 c5 3. cxd5 Qxd5 4. Nf3 cxd4 5. Qxd4 Nf6 6. Nc3 Qxd4 7. Nxd4 a6 8.
Bg5 e5 9. Bxf6 gxf6 10. Nb3 Nc6 11. e3 Be6 12. Be2 f5 13. O-O Rg8 14. Rfd1 Nb4 15. Na5 b6 16. Nc4 Bxc4 17. Bxc4 b5 18. Bd5 Rd8 19. a3 Nxd5 20. Nxd5 Rg6 21. Rac1 Rgd6 22.
Nc7+ Ke7 23. Rxd6 Rxd6 24. Kf1 f4 25. Ke2 fxe3 26. fxe3 Kd7 27. b4 Be7 28. Rc5 Rd2+ 29. Kxd2 Bxc5 30. Nxa6 Bd6 31. Kd3 f5 32. e4 f4 33. Ke2 Kc6 34. Kf3 Kb6 35. Nc5 Bxc5 36. bxc5+ Kxc5 37. g3 fxg3 38. hxg3 Kd4 39. g4 h6 0-1

[Event "Early-Titled-Tuesday-Blitz-July-09-2024"]
[Site "Chess.com"]
[Date "2024.07.09"]
[Round "10"]
[White "ACollins05"]
[Black "SahibSinghKnight"]
[Result "0-1"]
[WhiteElo "2494"]
[BlackElo "2667"]
[TimeControl "180+1"]
[EndTime "9:57:06 PDT"]
[Termination "SahibSinghKnight won by resignation"]

1. d4 d5 2. c4 c6 3. Nf3 Nf6 4. Nc3 Bf5 5. cxd5 cxd5 6. Qb3 Bc8 7. Bf4 a6 8. e3 Nc6 9. Rc1 g6 10. Na4 Bg7 11. Nb6 Ra7 12. Bb8 Ra8 13. Nxa8 Nxb8 14. Qb6 Nc6 15. Qxd8+ Kxd8 16. Nb6 Bg4 17. Be2 Rf8 18.
O-O Bf5 19. Ne5 Kc7 20. Na4 Ne4 21. Bxa6 Bxe5 22. Bxb7 Kxb7 23. dxe5 Nxe5 24. Rfd1 e6 25. Nc5+ Nxc5 26. Rxc5 h5 27. f3 f6 28. Rdc1 g5 29. Rb5+ Ka6 30. Rbc5 g4 31. f4 Nd3 32. Rc6+ Kb7 33.
Rc7+ Kb8 34. R1c6 Nxb2 35. Re7 Nc4 36. e4 Bxe4 37. Rexe6 f5 38. Rh6 Kb7 39. Rc5 Ne3 40. Kf2 Nxg2 41. Rxh5 Nxf4 42. Rh7+ Kb6 43. Rcc7 Nd3+ 44.
Ke3 f4+ 45. Kd4 Bxh7 46. Rxh7 f3 0-1

[Event "Early-Titled-Tuesday-Blitz-July-09-2024"]
[Site "Chess.com"]
[Date "2024.07.09"]
[Round "10"]
[White "GMT4114"]
[Black "prosequi"]
[Result "1-0"]
[WhiteElo "1986"]
[BlackElo "2319"]
[TimeControl "180+1"]
[EndTime "9:57:06 PDT"]
[Termination "GMT4114 won by resignation"]

1. e4 c5 2. Nc3 Nc6 3. Bb5 g6 4.
Bxc6 bxc6 5. d3 Bg7 6. f4 d5 7. Nf3 Nf6 8. e5 Nd7 9. O-O O-O 10. b3 a5 11. Qe1 Ba6 12. Na4 c4 13. dxc4 dxc4 14.
Rf2 cxb3 15. axb3 e6 16. Be3 Re8 17. Rd2 Qc7 18. Rxd7 Qxd7 19. Nb6 Qb7 20. Nxa8 Rxa8 21. Qxa5 Bf8 22. Qb6 Qxb6 23. Bxb6 Bb7 24. Rxa8 Bxa8 25.
Ne1 Bb7 26. Nd3 Ba6 27. c4 Be7 28. Kf2 h6 29. Ke3 g5 30. g3 Kg7 31. Bc5 Bd8 32.
Nb4 Bb7 33. Nd3 Kg6 34. Bd4 Kf5 35. Nc5 Bc8 36. b4 Bb6 37. Nb3 Bc7 38. b5 cxb5 39. cxb5 gxf4+ 40. gxf4 Bb7 41. Nc5 Bd5 42. Na6 Ba5 43.
b6 Be1 44. Nc5 Ba5 45. b7 Bc7 46. Na6 1-0

[Event "Early-Titled-Tuesday-Blitz-July-09-2024"]
[Site "Chess.com"]
[Date "2024.07.09"]
[Round "10"]
[White "Nemegejas"]
[Black "MetiForce"]
[Result "0-1"]
[WhiteElo "2944"]
[BlackElo "2877"]
[TimeControl "180+1"]
[EndTime "9:57:08 PDT"]
[Termination "MetiForce won by resignation"]

1. Nf3 Nf6 2. g3 g6 3. Bg2 Bg7 4. O-O O-O 5. d4 d5 6. Bf4 c6 7.
Nbd2 Bf5 8. Nh4 Be6 9. c3 a5 10. Qc2 a4 11. Rad1 Qa5 12. Rfe1 Nbd7 13. Qc1 Rfe8 14.
a3 c5 15. Nhf3 Rac8 16. h3 Nb6 17. dxc5 Qxc5 18. Be3 Qa5 19. Bd4 Bd7 20. Ne5 Bf5 21. g4 Be6 22. Nf1 Qb5 23. Ng3 Ne4 24. Qe3 Bxe5 25.
Bxe5 Nc4 26. Qd4 Nxe5 27. Qxe5 Nxg3 28. Qxg3 Qxb2 29. Bxd5 Rxc3 30. Qe5 Bxd5 31. Rxd5 Qxa3 32. Red1 Rc1 33. Kg2 Rxd1 34. Rxd1 Qb3 35. Rd3 Qc4 36. Rf3 b5 37. e4 b4 38. h4 b3 39. h5 Qe6 40. Qg5 Qxe4 41. Kg3 b2 42. Re3 b1=Q 0-1